Map: Overgrown Facility

Players

Solevi

  • Race: Zerg Zerg
  • Spawn Location: 7:00

PigeonLeader

  • Race: Zerg Zerg
  • Spawn Location: 9:00

OpuS - Winner!

  • Race: Protoss Protoss
  • League: Platinum
  • Spawn Location: 3:00

Sketchaphone - Winner!

  • Race: Zerg Zerg
  • League: Platinum
  • Spawn Location: 1:00

VOD

Have the link to the VOD?

Description

Time

  • Played on: Feb. 26, 2019, 9:14 p.m.
  • Length: 14:44
Show
View Real Time Build Order
Export as new Build Order

Solevi Zerg 

Build Orders: Hatch First 

Get SALT Encoding   

  12  0:03  Drone  
  13  0:11  Drone  
  14  0:18  Overlord  
  14  0:32  Drone x2, Extractor x2  
  16  0:37  Drone  
  17  0:58  Hatchery  
  17  1:01  Drone  
  17  1:07  Drone, Extractor  
  17  1:09  Drone  
  18  1:22  Spawning Pool  
  18  1:25  Drone  
  18  1:48  Overlord  
  18  1:50  Drone  
  19  1:59  Drone  
  20  2:05  Drone  
  21  2:16  Queen  
  21  2:17  Queen  
  21  2:21  Metabolic Boost  
  25  2:38  Overlord  
  25  2:40  Drone x3  
  27  2:54  Roach Warren  
  26  3:05  Drone x5  
  31  3:08  Zergling x2  
  32  3:16  Lair  
  32  3:21  Drone x2  
  34  3:42  Roach x5  
  34  3:43  Overlord  
  44  3:52  Evolution Chamber  
  44  3:53  Overlord  
  43  3:57  Evolution Chamber  
  42  4:03  Roach x3  
  48  4:16  Extractor  
  47  4:50  Glial Reconstitution  
  47  4:51  Overlord  
  47  4:53  Drone  
  47  4:54  Drone x7  
  55  5:10  Hatchery  
  54  5:20  Roach x5  
  54  5:21  Roach  
  66  5:25  Overlord  
  66  5:32  Drone x2  
  66  5:35  Extractor  
  67  5:36  Extractor  
  65  5:50  Roach x4  
  65  5:51  Roach  
  73  6:04  Drone  
  73  6:05  Drone x2  
  73  6:07  Overlord x4  
  76  6:12  Overlord x2  
  76  6:18  Zerg Missile Weapons Level 1  
  76  6:20  Zerg Ground Armor Level 1  
  76  6:25  Overlord  
  76  6:29  Drone x2  
  78  7:02  Ravager x4  
  78  7:05  Zergling x12  
  78  7:06  Zergling x12  
  94  7:19  Ravager  
  94  7:20  Ravager x2  
  80  7:30  Roach x4  
  80  7:35  Roach x2  
  73  7:40  Zergling x2  
  73  7:41  Roach  
  73  7:42  Roach x3  
  79  8:08  Ravager  
  79  8:11  Ravager x3  
  79  8:12  Zergling x2  
  84  8:13  Zergling x16  
  84  8:17  Queen  
  94  8:20  Drone x2  
  94  8:21  Drone  
  94  8:23  Drone  
  98  8:35  Zergling x8  
  102  8:44  Zerg Missile Weapons Level 2  
  102  8:45  Zerg Ground Armor Level 2  
  102  9:27  Roach x3  
  102  9:28  Roach x7  
  122  9:36  Hydralisk Den  
  122  9:37  Infestation Pit  
  103  10:03  Overseer x2  
  101  10:21  Roach x10  
  118  10:35  Zergling x10  
  116  10:41  Extractor  
  115  10:43  Extractor  
  102  10:58  Hydralisk x6  
  102  11:03  Hydralisk  
  113  12:02  Hatchery  
  113  12:06  Spore Crawler  
  106  12:13  Drone x7  
  102  12:26  Infestor x2  
  105  12:35  Overseer x2  
  96  12:54  Hive  
  96  12:57  Hydralisk Den  
  95  13:17  Spore Crawler  
  95  13:18  Spine Crawler  
  93  13:20  Spore Crawler  
  93  13:22  Spine Crawler  
  91  13:27  Hatchery  
  90  13:48  Zergling x2  
  90  13:49  Zergling x16  
  90  13:52  Overseer x5  
  90  13:53  Overseer x2  
  92  13:59  Spore Crawler  
  82  14:16  Zergling x8  
  71  14:33  Nydus Network  
Show
View Real Time Build Order
Export as new Build Order

PigeonLeader Zerg 

Build Orders: Hatch First 

Get SALT Encoding   

  12  0:04  Drone  
  13  0:18  Overlord, Drone  
  14  0:38  Extractor  
  14  0:39  Extractor  
  14  0:42  Drone x3  
  17  1:06  Hatchery  
  16  1:12  Drone x2  
  18  1:30  Drone x2, Extractor  
  19  1:37  Spawning Pool  
  19  1:39  Drone  
  19  1:48  Drone  
  20  1:59  Overlord  
  20  2:13  Drone  
  21  2:23  Queen  
  21  2:24  Queen  
  21  2:28  Spine Crawler  
  24  2:32  Spine Crawler  
  24  2:34  Drone x2  
  24  2:36  Drone  
  26  2:42  Metabolic Boost  
  26  3:00  Extractor  
  25  3:05  Drone x2  
  25  3:06  Drone  
  25  3:07  Drone x2  
  25  3:08  Drone  
  25  3:12  Lair  
  31  3:27  Drone x3  
  31  3:30  Extractor  
  31  3:32  Extractor  
  32  3:39  Drone x2  
  32  3:40  Drone  
  35  3:49  Drone  
  35  3:51  Overlord x2  
  35  3:53  Spine Crawler  
  35  4:08  Zergling x2  
  36  4:41  Drone x2  
  36  4:44  Spire  
  37  4:48  Overseer  
  37  4:54  Spore Crawler, Drone x5  
  37  4:55  Drone x4  
  45  5:00  Spore Crawler  
  43  5:21  Spine Crawler  
  43  5:22  Spine Crawler  
  41  5:40  Hatchery  
  40  5:47  Hatchery  
  35  6:11  Drone x2  
  35  6:13  Drone x2  
  35  6:15  Drone  
  35  6:16  Mutalisk x2  
  35  6:17  Mutalisk x4  
  52  6:28  Overlord  
  49  6:56  Spire  
  48  7:05  Drone x2  
  48  7:06  Drone  
  48  7:07  Drone  
  53  7:08  Drone x3  
  53  7:09  Drone x2  
  57  7:22  Drone x2  
  59  7:41  Drone x3  
  57  8:01  Extractor  
  57  8:03  Extractor  
  57  8:05  Drone x2  
  55  8:06  Drone  
  55  8:09  Overlord x3  
  55  8:10  Drone x2  
  55  8:11  Drone  
  59  8:16  Drone x3  
  59  8:18  Extractor  
  61  8:20  Extractor  
  61  8:21  Drone x4  
  64  8:29  Drone x2  
  64  8:30  Drone  
  67  8:46  Spire  
  67  8:48  Drone x3  
  69  8:50  Drone  
  69  8:51  Drone x3  
  69  8:52  Drone  
  69  8:53  Overlord  
  74  8:56  Queen x3  
  77  9:22  Spire  
  76  9:49  Queen  
  78  10:03  Overseer x2  
  78  10:04  Spire  
  71  10:35  Mutalisk x7  
  73  10:36  Mutalisk x4  
  73  10:37  Overlord x3  
  73  10:38  Overlord  
  83  11:07  Drone x3  
  83  11:08  Drone  
  83  11:09  Mutalisk x6  
  83  11:10  Hatchery, Mutalisk x2  
  102  11:29  Mutalisk x2  
  102  11:30  Mutalisk x6  
  113  11:51  Mutalisk x3  
  113  11:59  Overlord x3  
  113  12:16  Queen x3  
  119  12:34  Mutalisk x3  
  119  12:35  Mutalisk x4  
  133  12:38  Overseer x3  
  89  13:03  Queen  
  89  13:04  Spire  
  88  13:07  Drone x2  
  88  13:08  Drone x5  
  93  13:20  Drone x4  
  93  13:21  Drone x2  
  99  13:27  Drone  
  98  14:05  Spire  
  98  14:06  Spire  
  96  14:11  Drone x4  
  96  14:12  Drone x4  
Show
View Real Time Build Order
Export as new Build Order

OpuS Protoss - Winner!

Build Orders: Zealot Archon 

Get SALT Encoding   

  12  0:01  Probe  
  13  0:13  Probe  
  14  0:21  Pylon  
  14  0:25  Probe  
  15  0:40  Gateway  
  15  0:44  Probe  
  15  0:49  Assimilator  
  17  0:57  Probe  
  17  1:00  Assimilator  
  17  1:11  Probe  
  17  1:12  Gateway  
  18  1:23  Probe  
  19  1:28  Cybernetics Core  
  19  1:35  Pylon  
  19  1:42  Probe  
  20  1:54  Probe  
  20  2:04  Warp Gate  
  20  2:06  Adept x2  
  24  2:13  Probe  
  24  2:14  Twilight Council  
  24  2:21  Probe  
  26  2:35  Robotics Facility  
  26  2:45  Adept x2  
  26  2:48  Probe  
  31  2:59  Pylon  
  31  3:09  Robotics Facility  
  31  3:17  Probe  
  32  3:36  Pylon  
  32  3:37  Nexus  
  32  3:39  Observer  
  33  3:49  Charge  
  33  3:50  Templar Archives  
  33  3:54  Pylon  
  33  4:19  Gateway  
  33  4:20  Gateway  
  33  4:41  Zealot x2  
  37  4:59  Probe  
  39  5:00  Probe  
  39  5:10  Zealot x2  
  43  5:26  Zealot x2  
  47  5:29  Probe x2  
  47  5:32  Gateway  
  49  5:37  Gateway  
  49  6:01  Zealot  
  49  6:02  Zealot x3  
  57  6:06  Pylon  
  57  6:07  Pylon  
  57  6:11  Dark Shrine  
  57  6:13  Probe x2  
  59  6:26  High Templar  
  59  6:27  High Templar x3  
  67  6:33  Forge  
  67  6:36  Archon x2  
  67  6:40  Stalker  
  67  6:41  Stalker  
  71  6:49  Probe x2  
  73  6:56  Protoss Ground Weapons Level 1  
  73  7:01  Probe x2  
  74  7:02  Pylon  
  74  7:13  Probe  
  65  7:33  Dark Templar  
  65  7:35  Zealot x3  
  65  7:36  Zealot x2  
  59  7:42  Gateway  
  47  7:44  Gateway  
  47  7:48  Probe x2  
  49  7:52  Assimilator  
  49  7:53  Blink  
  49  7:56  Assimilator  
  49  8:00  Probe x2  
  51  8:15  Stalker  
  51  8:16  Stalker x2  
  57  8:20  Stalker  
  57  8:26  Probe x2  
  61  8:36  Dark Templar  
  61  8:38  Probe  
  61  8:40  Stalker  
  66  8:51  Stalker x2  
  66  8:54  Stalker  
  72  8:59  Probe x2  
  74  9:12  Probe x2  
  76  9:24  Probe x2  
  78  9:29  Stalker  
  78  9:30  Stalker x2  
  84  9:36  Probe x2  
  80  9:49  Protoss Ground Weapons Level 2  
  76  9:54  Stalker x3  
  76  9:55  Stalker x3  
  88  10:15  Nexus  
  88  10:33  Probe x2  
  80  11:01  Stalker x5  
  80  11:02  Stalker x3  
  90  11:08  Forge  
  90  11:14  Pylon  
  90  11:16  Pylon  
  90  11:18  Pylon  
  90  11:27  Dark Templar x3  
  90  11:29  Dark Templar  
  98  11:35  Probe x3  
  63  12:23  Stalker x5  
  63  12:24  Stalker x3  
  63  12:29  Protoss Ground Armor Level 1  
  79  12:34  Probe x3  
  82  12:37  Gateway  
  82  12:39  Gateway  
  82  12:41  Gateway  
  82  12:44  Gateway  
  82  12:46  Probe  
  79  12:53  Zealot x3  
  79  12:54  Zealot x5  
  95  12:59  Probe x2  
  95  13:00  Probe  
  95  13:02  Assimilator  
  98  13:06  Pylon  
  98  13:07  Assimilator  
  98  13:11  Probe  
  99  13:18  Zealot x4  
  99  13:19  Zealot x2  
  111  13:25  High Templar x2  
  115  13:29  Archon  
  114  13:58  Pylon  
  114  14:00  Pylon  
  114  14:02  Pylon  
  114  14:03  Pylon  
  114  14:12  Pylon  
  114  14:15  Pylon  
  114  14:16  Probe x3  
  115  14:17  Pylon  
  115  14:19  Pylon  
Show
View Real Time Build Order
Export as new Build Order

Sketchaphone Zerg - Winner!

Build Orders: Hatch First, Roach Nydus 

Get SALT Encoding   

  12  0:02  Drone  
  13  0:14  Overlord  
  13  0:19  Drone  
  14  0:35  Drone x2  
  16  0:37  Drone  
  17  0:58  Hatchery  
  17  1:01  Drone  
  17  1:02  Drone  
  18  1:07  Extractor  
  17  1:24  Spawning Pool  
  16  1:26  Drone  
  16  1:27  Drone  
  16  1:32  Drone  
  19  1:44  Overlord  
  19  2:03  Drone  
  19  2:04  Drone  
  21  2:13  Lair  
  21  2:14  Zergling x2  
  21  2:15  Zergling x2  
  23  2:21  Drone  
  24  2:25  Drone  
  25  2:32  Roach Warren  
  25  2:34  Drone  
  25  2:45  Extractor  
  24  2:58  Queen  
  24  3:03  Drone  
  27  3:05  Overlord  
  27  3:12  Queen, Evolution Chamber  
  28  3:13  Drone  
  29  3:23  Nydus Network  
  28  3:29  Drone x2  
  28  3:30  Overlord  
  30  3:36  Drone  
  30  3:40  Zerg Ground Armor Level 1  
  31  3:49  Roach  
  31  3:50  Roach  
  31  3:55  Drone  
  36  3:56  Drone  
  36  3:57  Drone  
  38  4:09  Roach  
  40  4:10  Roach x2  
  40  4:12  Ravager  
  45  4:17  Roach  
  45  4:19  Drone  
  45  4:20  Drone  
  49  4:26  Overlord  
  49  4:29  Roach  
  51  4:34  Drone  
  52  4:55  Roach x2  
  52  4:58  Overlord, Drone x3  
  59  5:00  Drone  
  59  5:12  Pneumatized Carapace  
  59  5:19  Nydus Canal  
  59  5:29  Overlord x2  
  51  6:01  Roach x8  
  67  6:08  Zerg Missile Weapons Level 1  
  67  6:16  Roach x2  
  71  6:23  Ravager  
  72  6:27  Nydus Canal  
  72  6:31  Roach  
  74  6:33  Hatchery  
  73  6:40  Drone x2, Extractor  
  73  6:41  Extractor  
  73  6:45  Hatchery  
  64  7:17  Nydus Canal  
  64  7:18  Roach  
  64  7:19  Roach x4  
  75  7:22  Drone  
  75  7:24  Spore Crawler  
  75  7:27  Drone  
  73  7:48  Roach  
  73  7:50  Zergling x2  
  73  7:51  Zergling x14  
  59  8:08  Zerg Missile Weapons Level 2  
  59  8:15  Evolution Chamber  
  59  8:16  Queen, Spore Crawler  
  59  8:17  Hydralisk Den  
  59  8:18  Drone x3  
  61  8:20  Queen  
  61  8:24  Drone  
  61  8:25  Drone x3  
  67  8:27  Drone x6  
  73  8:36  Drone  
  73  8:38  Zergling x2  
  75  8:45  Spore Crawler  
  75  8:47  Spore Crawler  
  73  8:48  Spore Crawler  
  73  8:50  Spore Crawler x2  
  73  8:52  Drone x6  
  73  9:14  Overlord x2  
  58  9:26  Drone x3  
  58  9:29  Zerg Ground Armor Level 2  
  61  9:33  Lurker Den  
  61  9:34  Grooved Spines  
  61  9:38  Drone x4  
  64  9:39  Spore Crawler  
  64  9:40  Queen  
  64  9:45  Metabolic Boost  
  65  9:50  Overseer  
  65  9:53  Roach  
  65  9:54  Roach x4  
  65  9:57  Hydralisk  
  65  9:58  Hydralisk  
  79  10:00  Hydralisk  
  79  10:04  Overlord  
  81  10:21  Drone x4  
  85  10:22  Extractor  
  85  10:24  Overlord x3  
  85  10:25  Extractor  
  83  10:33  Glial Reconstitution  
  83  10:37  Overlord x2, Zerg Melee Weapons Level 1  
  83  10:38  Hydralisk  
  83  10:39  Hydralisk x2  
  89  10:44  Hydralisk x2  
  89  10:45  Muscular Augments  
  93  10:54  Hydralisk x2  
  93  10:55  Hydralisk x3  
  103  11:00  Nydus Canal  
  103  11:09  Drone x4  
  107  11:24  Hydralisk x6  
  107  11:25  Hydralisk x2  
  123  11:32  Lurker x2  
  109  11:38  Drone x2  
  111  11:44  Spore Crawler, Drone x2  
  111  11:45  Drone x2  
  114  11:48  Drone x5  
  114  11:50  Spore Crawler  
  114  11:53  Lurker  
  119  11:59  Roach  
  119  12:00  Roach x3  
  119  12:01  Drone  
  128  12:20  Nydus Canal  
  128  12:26  Roach x4  
  126  12:51  Hydralisk x3  
  126  12:53  Hydralisk x2  
  122  13:03  Hydralisk x5  
  127  13:16  Overlord x2  
  124  13:20  Nydus Canal  
  124  13:21  Roach  
  124  13:22  Overlord, Roach  
  124  13:23  Overlord x2  
  128  13:32  Hatchery  
  128  13:33  Extractor  
  126  13:34  Extractor  
  126  13:38  Infestation Pit  
  99  14:17  Nydus Canal, Hydralisk  
  99  14:18  Hydralisk x17  
  99  14:19  Hydralisk  
Tags
 
Add a new tag
Caveats
  • Supply blocks, unpowered buildings, or Contaminate may cause inaccurate times.
  • Supply counts are checked every 10 seconds.